 Dungeon Crawl Stone Soup version 0.31-a0-986-g5e6e4ef867 (webtiles) character file.

Game seed: 5587076043211581829

4190 Pooter the Cleaver (level 10, -6/136 HPs)
             Began as a Minotaur Berserker on Nov 14, 2023.
             Was a Priest of Trog.
             Mangled by Amaemon
             ... wielding a +0 demon whip of venom
              (8 damage)
             ... on level 8 of the Dungeon.
             The game lasted 00:31:34 (8715 turns).

Pooter the Cleaver (Minotaur Berserker)             Turns: 8715, Time: 00:31:34

Health: -6/136     AC:  9    Str: 26    XL:     10   Next: 8%
Magic:  9/9        EV: 10    Int:  4    God:    Trog [***...]
Gold:   218        SH:  0    Dex: 10    Spells: 9/9 levels left

rFire   . . .        I - +0 dire flail (holy)
rCold   . . .        (shield currently unavailable)
rNeg    + . .        c - +0 scale mail
rPois   .            (helmet restricted)
rElec   .            (no cloak)
rCorr   .            F - +1 pair of gloves
SInv    .            s - +0 pair of boots {Fly}
Will    .....        (no amulet) Stlth
                     N - ring of positive energy
HPRegen 0.42/turn    (no ring)
MPRegen 0.11/turn

%: no passive effects
@: berserking (expiring), lethally poisoned (-6 -> -20), flying, slowed
A: horns 2, retaliatory headbutt
a: Renounce Religion, Berserk, Trog's Hand


You were on level 8 of the Dungeon.
You worshipped Trog.
Trog was most pleased with you.
You visited 1 branch of the dungeon, and saw 8 of its levels.
You also visited: Sewer.

You collected 428 gold pieces.
You spent 210 gold pieces at shops.

Inventory:

Hand Weapons
 a - a +5 flail of freezing
   (You took it off a wight on level 4 of the Dungeon)
 b - a +0 orcbow
   (You took it off a centaur on level 5 of the Dungeon)
 g - a +0 halberd
   (You took it off a gnoll on level 3 of the Dungeon)
 E - a +1 war axe
   (You took it off an orc on level 6 of the Dungeon)
 I - a +0 dire flail of holy wrath (weapon)
   (You took it off Edmund on level 6 of the Dungeon)
Missiles
 p - 11 poisoned darts
 y - a throwing net {!f}
 D - 3 boomerangs (quivered)
 Q - 39 stones
Armour
 c - a +0 scale mail (worn)
   (You found it on level 1 of the Dungeon)
 s - a +0 pair of boots of flying (worn)
   (You found it on level 4 of the Dungeon)
 F - a +1 pair of gloves (worn)
   (You bought it in a shop on level 1 of the Dungeon)
Jewellery
 N - a ring of positive energy (left hand)
   (You found it on level 2 of the Dungeon)
Wands
 f - a wand of flame (26)
   (You found it on level 6 of the Dungeon)
Scrolls
 d - 4 scrolls of noise {!r}
 j - 3 scrolls of vulnerability {!r}
 k - 2 scrolls of revelation
 l - 2 scrolls of enchant weapon
 t - 8 scrolls of teleportation {@r4}
 x - 2 scrolls of poison {!r}
Potions
 e - 5 potions of heal wounds {@q2}
 n - 6 potions of curing {@q1}
 o - a potion of ambrosia {unknown}
 q - 2 potions of brilliance {unknown}
 v - a potion of attraction {unknown}
 z - 2 potions of haste {unknown}
 B - a potion of mutation {unknown}
 C - a potion of invisibility {unknown}
 G - 3 potions of lignification {unknown}
 J - 2 potions of might {unknown}


   Skills:
 + Level 9.5 Fighting
 * Level 12.5(12.6) Axes
 - Level 2.5(8.4) Maces & Flails
 * Level 7.8 Ranged Weapons
 - Level 2.4 Armour
 - Level 2.1 Dodging


You had 9 spell levels left.
You didn't know any spells.
Your spell library was empty.

Dungeon Overview and Level Annotations

Branches:
Dungeon (8/15) Zot: 25749  Temple (0/1) D:6           Sewer (visited)
   Lair: D:8-11

Altars:
Ashenzari
Dithmenos
Elyvilon
Gozag
Okawaru
Ru
Sif Muna
Uskayaw
Yredelemnul
Zin
The Shining One

Shops:
D:1 [

Annotations:
D:8 Amaemon


Innate Abilities, Weirdness & Mutations

You have a pair of horns on your head.
You reflexively headbutt those who attack you in melee.


Message History

You suddenly lose the ability to move!
The scorpion stings you.
* * * LOW HITPOINT WARNING * * *
You feel very sick. The orange demon completely misses you.
The scorpion stings you but does no damage.
Amaemon whispers, "Once I find the ORB, I'll be cured.
I'll be normal again!"
Amaemon hits you with a +0 demon whip of venom!
* * * LOW HITPOINT WARNING * * *
You are more poisoned.
Amaemon claws you!
* * * LOW HITPOINT WARNING * * *
Amaemon tail-slaps you.
* * * LOW HITPOINT WARNING * * *
You feel very sick.
The orange demon no longer looks unusually toxic.
The scorpion stings you but does no damage.
The orange demon stings you but does no damage.
Amaemon says, "Afraid of a little sting?"
Amaemon hits you with a +0 demon whip of venom.
* * * LOW HITPOINT WARNING * * *
Amaemon claws you but does no damage.
Amaemon tail-slaps you but does no damage.
You feel very sick.
The scorpion stings you but does no damage.
The orange demon stings you from afar!
* * * LOW HITPOINT WARNING * * *
Amaemon hits you with a +0 demon whip of venom.
* * * LOW HITPOINT WARNING * * *
You are lethally poisoned!
Amaemon claws you.
* * * LOW HITPOINT WARNING * * *
Amaemon tail-slaps you but does no damage.
You can move again.
You are too berserk!
You closely miss Amaemon.
* * * LOW HITPOINT WARNING * * *
You feel very sick.
The scorpion stings you but does no damage.
The orange demon barely misses you.
Amaemon casts a spell at the orange demon.
The orange demon seems to grow toxic.
You thump Amaemon!
Amaemon convulses.
Your headbutt misses Amaemon.
* * * LOW HITPOINT WARNING * * *
You feel very sick. The scorpion stings you.
* * * LOW HITPOINT WARNING * * *
The orange demon stings you from afar.
* * * LOW HITPOINT WARNING * * *
Amaemon hits you with a +0 demon whip of venom!
You die...

##h.######..........
#...4.....:........
#########....######
##### #...).##### .....
#.........# ......
#.......... ......#
###..........
#.....†#####.########...
#...s@64...## ##...
##...####...# #..##
#..## ##..# ##.### #..
##.# ##)## # ... ##.#
#.## ## ## ##.## #.# ##.
########..# #.###.# ###
#........## ##...##
...###...###### ##...##


You could see Amaemon, an orange demon (curare) and a scorpion (summoned).

Vanquished Creatures
  Psyche (D:8)
  A hornet (D:6)
  A wyvern (D:7)
  4 yaks (D:7)
  Grum (D:8)
  Edmund (D:6)
  A water moccasin (D:7)
  An orc warrior (D:7)
  A black bear (D:5)
  2 ogres
  3 wolves (D:8)
  4 centaurs
  A kobold brigand (Sewer)
  2 bullfrogs (D:7)
  2 necrophages (D:4)
  A scorpion (D:6)
  A water moccasin zombie (D:4)
  3 wights (D:4)
  4 howler monkeys (D:8)
  2 quasits (D:7)
  A bullfrog zombie (D:4)
  2 hounds
  2 gnoll boudas
  2 jellies
  A human zombie (D:4)
  3 iguanas
  A sleepcap (D:5)
  Natasha (thrice) (D:4)
  2 orc wizards
  A scorpion zombie (D:4)
  2 mummies (D:4)
  A howler monkey zombie (D:4)
  15 gnolls
  5 adders
  A river rat (D:6)
  A shadow imp (D:5)
  9 white imps
  3 ufetubi
  3 worms (D:6)
  A dart slug (D:4)
  29 orcs
  8 ball pythons
  8 endoplasms
  5 giant cockroaches
  8 hobgoblins
  4 quokkas
  5 bats
  2 frilled lizards (D:3)
  2 goblins
  17 kobolds
  5 rats
189 creatures vanquished.

Notes
Turn   | Place    | Note
-------+----------+-------------------------------------------
     0 | D:1      | Pooter the Minotaur Berserker began the quest for the Orb.
     0 | D:1      | Reached XP level 1. HP: 19/19 MP: 0/0
   172 | D:1      | Reached skill level 4 in Axes
   216 | D:1      | Reached XP level 2. HP: 27/27 MP: 1/1
   488 | D:1      | Found Tyesephis's Antique Armour Shoppe.
   739 | D:2      | Reached XP level 3. HP: 31/33 MP: 2/2
   907 | D:2      | Found an iron altar of Okawaru.
   929 | D:2      | Reached ** piety under Trog
  1184 | D:3      | Reached skill level 5 in Axes
  1192 | D:3      | Reached XP level 4. HP: 41/41 MP: 3/3
  1614 | D:3      | Found an opulent altar of Gozag.
  1615 | D:3      | Found a shimmering blue altar of Sif Muna.
  1775 | D:4      | Found a glowing golden altar of the Shining One.
  1921 | D:4      | Noticed Natasha
  1925 | D:4      | Killed Natasha
  1941 | D:4      | Reached skill level 6 in Axes
  1943 | D:4      | Reached XP level 5. HP: 47/47 MP: 4/4
  2101 | D:1      | Bought a pair of runed gloves for 210 gold pieces
  2198 | D:4      | Noticed Natasha
  2212 | D:4      | Killed Natasha
  2213 | D:4      | Reached skill level 5 in Fighting
  2327 | D:4      | Noticed Natasha
  2335 | D:4      | Killed Natasha
  2827 | D:4      | Reached skill level 7 in Axes
  2827 | D:4      | Reached XP level 6. HP: 48/57 MP: 5/5
  3124 | D:4      | Found a basalt altar of Yredelemnul.
  3133 | D:4      | Reached skill level 8 in Axes
  3141 | D:4      | Reached XP level 7. HP: 59/64 MP: 6/6
  3421 | D:5      | Entered Level 5 of the Dungeon
  3471 | D:5      | Reached skill level 9 in Axes
  3573 | D:5      | Reached skill level 1 in Ranged Weapons
  3573 | D:5      | Reached XP level 8. HP: 73/73 MP: 7/7
  3667 | D:5      | Reached skill level 1 in Maces & Flails
  3669 | D:5      | Reached *** piety under Trog
  4278 | D:6      | Found a glowing drain.
  4292 | Sewer    | Entered a sewer
  4400 | Sewer    | Reached skill level 10 in Axes
  4700 | D:6      | Found a sacrificial altar of Ru.
  4701 | D:6      | Found a broken altar of Ashenzari.
  4709 | D:6      | Found a hide-covered altar of Uskayaw.
  4743 | D:6      | Found a shadowy altar of Dithmenos.
  4859 | D:6      | Noticed Edmund
  4866 | D:6      | Killed Edmund
  5113 | D:6      | Found a staircase to the Ecumenical Temple.
  5684 | D:6      | Found a glowing silver altar of Zin.
  5833 | D:7      | Noticed a hornet
  5847 | D:6      | Killed a hornet
  5848 | D:6      | Reached XP level 9. HP: 27/82 MP: 8/8
  6083 | D:7      | Reached skill level 5 in Ranged Weapons
  6184 | D:7      | Reached skill level 11 in Axes
  6801 | D:7      | Found a white marble altar of Elyvilon.
  6831 | D:7      | Reached **** piety under Trog
  7036 | D:7      | Reached skill level 12 in Axes
  7871 | D:8      | Noticed Grum
  7872 | D:8      | Noticed an orange demon
  7877 | D:8      | Noticed Amaemon
  7880 | D:8      | Killed Grum
  8230 | D:8      | Noticed Psyche
  8241 | D:8      | Killed Psyche
  8242 | D:8      | Reached XP level 10. HP: 91/91 MP: 9/9
  8694 | D:8      | Paralysed by Amaemon for 5 turns
  8710 | D:8      | Paralysed by Amaemon for 3 turns
  8715 | D:8      | HP: 6/136 [scorpion[Amaemon] (6)]
  8715 | D:8      | HP: 2/136 [orange demon[Amaemon] (4)]
  8715 | D:8      | Mangled by Amaemon

Illustrated notes

Levels and vault maps discovered:
D:1:      nicolae_arrival_memento_mori, layout_loops_cross, serial_shops,
          nicolae_shop_advertising_works [nicolae_subvault_shop_adworks],
          serial_bayou_lagoon_a
D:2:      layout_rooms, basic_altar
D:3:      layout_rooms, nicolae_overflow_squiral
D:4:      layout_basic, lemuel_round_altar, lemuel_mausoleum_altar_yredelemnul,
          uniq_natasha
D:5:      layout_rooms
D:6:      layout_layer_cave, zin_scriptorium, mainiacjoe_overflow_tiny_flanked,
          grunt_temple_overflow_open, minmay_temple_entry_large_hall,
          gup_sewer_entry_spiral, sigmund_army, uniq_edmund
D:7:      layout_gridville, nicolae_elyvilon_temple_path, serial_demonic,
          serial_demonic_e, serial_demonic_e, serial_demonic_e,
          serial_demonic_a, eino_tiny_chamber, ebering_dispersal_statue_hall,
          kennysheep_another_room
D:8:      layout_layer_cave, uniq_psyche, uniq_amaemon, uniq_grum

Skill      XL: |  1  2  3  4  5  6  7  8  9 |
---------------+----------------------------+-----
Axes           | 4 5 6 7 8 9 10 12 | 12.5
Fighting       | 4 5 6 7 8 9 |  9.5
Ranged Weapons | 1 4 7 |  7.8
Maces & Flails | 2 |  2.5
Armour         | |  2.4
Dodging        | |  2.1

Action                     |  1- 3 |  4- 6 |  7- 9 | 10-12 || total
---------------------------+-------+-------+-------+-------++-------
  Melee: Hand axe          |    62 |    77 |       |       ||   139
         Headbutt          |     7 |    23 |    39 |     1 ||    70
         Flail             |       |    28 |   178 |     2 ||   208
         Punch             |       |     1 |     2 |     1 ||     4
         War axe           |       |       |    17 |       ||    17
         Dire flail        |       |       |    17 |    11 ||    28
   Fire: Orcbow            |       |       |    21 |     3 ||    24
  Throw: Dart              |     2 |       |       |       ||     2
         Boomerang         |       |       |     4 |       ||     4
 Invoke: Berserk           |     1 |     4 |     8 |     1 ||    14
         Trog's Hand       |     1 |       |     6 |       ||     7
  Evoke: Wand              |       |       |     2 |       ||     2
    Use: Scroll            |       |       |    17 |       ||    17
         Potion            |       |       |     3 |       ||     3
 Armour: Scale mail        |    41 |    72 |   277 |    30 ||   420
  Dodge: Dodged            |    32 |    42 |   174 |     9 ||   257

Table legend: (Time is in decaauts)
 A = Elapsed time spent in this place.
 B = Non-inter-level travel time spent in this place.
 C = Inter-level travel time spent in this place.
 D = Time resting spent in this place.
 E = Time spent auto-exploring this place.
 F = Levels seen in this place.
 G = Mean time per level.
                   A        B        C        D        E       F      G
               +--------+--------+--------+--------+--------+-----+--------+
         Total |   8866 |   8517 |    349 |   2230 |   4963 |   9 |  985.1 |
       Dungeon |   8561 |   8212 |    349 |   2230 |   4769 |   8 | 1070.1 |
         Sewer |    305 |    305 |      0 |      0 |    194 |   1 |  305.0 |
               +--------+--------+--------+--------+--------+-----+--------+

Top non-repeatable levels by time:
     D:4: 1644 daAuts
     D:6: 1627 daAuts
     D:7: 1418 daAuts
     D:8: 1249 daAuts
     D:1: 796 daAuts
     D:5: 769 daAuts
     D:3: 608 daAuts
     D:2: 446 daAuts
   Sewer: 305 daAuts
